 Dungeon Crawl Stone Soup version 0.20.0-15-g7f486f2 (webtiles) character file.

21033 VajrapaniSR the Severer (level 12, -14/116 HPs)
             Began as a Deep Dwarf Fighter on July 1, 2017.
             Was an Elder of Makhleb.
             Demolished by a tentacled starspawn (33 damage)
             ... on level 1 of the Abyss on July 2, 2017.
             The game lasted 00:46:38 (5261 turns).

VajrapaniSR the Severer (Deep Dwarf Fighter)        Turns: 5261, Time: 00:46:39

Health: -14/116    AC: 11    Str: 24      XL:     12   Next: 50%
Magic:  2/2        EV:  6    Int: 10      God:    Makhleb [****..]
Gold:   328        SH: 13    Dex: 11 (12) Spells: 11/11 levels left

rFire    . . .     SeeInvis .   a - +2 broad axe
rCold    . . .     Gourm    .   c - +0 shield
rNeg     . . .     Faith    .   d - +0 plate armour
rPois    .         Spirit   .   j - +0 helmet
rElec    .         Reflect  +   (no cloak)
rCorr    .         Harm     .   p - +0 pair of gloves
MR       +....                  (no boots)
Stlth    ..........             k - +4 amulet of reflection
Regen    0.0/turn               q - ring of stealth
MPRegen  0.1/turn               (no ring)

@: non-regenerating, mildly diseased, hasted, very quick
A: damage resistance, heal wounds, [blurry vision 2], [deformed body],
[deterioration 1], sense surroundings 2, [subdued magic 2], no regeneration
a: Heal Wounds, Minor Destruction, Lesser Servant of Makhleb, Major Destruction,
Renounce Religion


You were on level 1 of the Abyss.
You worshipped Makhleb.
Makhleb was greatly pleased with you.
You were not hungry.

You visited 3 branches of the dungeon, and saw 15 of its levels.
You visited the Abyss 1 time.

You collected 328 gold pieces.

Inventory:

Hand Weapons
 a - a +2 broad axe (weapon)
 b - a +0 morningstar
Armour
 c - a +0 shield (worn)
 d - a +0 plate armour (worn)
 j - a +0 helmet (worn)
 p - a +0 pair of gloves (worn)
Jewellery
 k - a +4 amulet of reflection (around neck)
 q - a ring of stealth (left hand)
Wands
 n - a wand of iceblast (7/15)
 r - a wand of disintegration (0/24)
 w - a wand of flame (18/48)
 x - a wand of acid (0/15)
Scrolls
 g - 3 scrolls of identify
 h - a scroll of remove curse
 t - a scroll of vulnerability
Potions
 e - 2 potions of brilliance
 i - 2 potions of haste
 l - 4 potions of flight
 o - a potion of resistance
Comestibles
 f - 9 bread rations
 m - 5 meat rations
 v - 4 fruits


   Skills:
 + Level 10.1 Fighting
 * Level 15.3 Axes
 - Level 8.7 Armour
 - Level 3.2 Dodging
 + Level 3.6 Shields
 + Level 9.5 Invocations


You had 11 spell levels left.
You didn't know any spells.

Dungeon Overview and Level Annotations

Branches:
Dungeon (13/15)            Temple (1/1) D:5            Lair (1/6) D:8
    Orc: D:9-12      Vaults: D:13-14

Altars:
Cheibriados
Dithmenos
Elyvilon
Fedhas
Gozag
Hepliaklqana
Kikubaaqudgha
Makhleb
Okawaru
Qazlal
Sif Muna
Trog
Vehumet
Xom
Yredelemnul
Zin
The Shining One

Annotations:
D:11 7h hydra
Lair:1 Sonja


Innate Abilities, Weirdness & Mutations

You are resistant to damage.
You can heal yourself by infusing magical energy.
You passively map the area around you.
You do not regenerate.
[Scrolls take you longer to read.]
[Armour fits poorly on your strangely shaped body.]
[Your body sometimes deteriorates upon taking damage.]
[Your spells are easier to cast, but less powerful.]


Message History

You block the starspawn tentacle's attack.
You take 12 damage, and have 46/116 hp.
You slash the tentacled starspawn! You slice the starspawn tentacle!!
You destroy the starspawn tentacle!
You hit the starspawn tentacle.
You hit the thrashing horror but do no damage.
You barely miss the tentacled starspawn.
The thrashing horror tramples you but does no damage.
You block the thrashing horror's attack.
The tentacled starspawn bites you!!
* * * LOW HITPOINT WARNING * * *
The tentacled starspawn engulfs you.
* * * LOW HITPOINT WARNING * * *
You take 27 damage, and have 19/116 hp.
MASSIVE DAMAGE!!
You completely miss the tentacled starspawn.
Your shield and plate armour prevent you from hitting the thrashing horror.
You hit the starspawn tentacle. You slash the tentacled starspawn!
You block the thrashing horror's attack. x2
The tentacled starspawn bites you!!
You die...

.... # .. #..#
.#... .##
.##..##. .. ..
...... .. ...
.... .# . #..
#..# ..##..
.##..##..##......
......X@X....4...
...../X.w....##
.##.│##.│##..##
.##..##/.# .....
.....──..........
.##..##..#.......
#...###.#.#..##.#
... #..#..#### #
.. # . ###


You could see 2 tentacled starspawn, a thrashing horror, a hellwing and a
starspawn tentacle.

Vanquished Creatures
  A hydra (D:11)
  Erica (D:9)
  5 two-headed ogres
  A death yak (D:10)
  Urug (D:12)
  A thrashing horror (Abyss:1)
  4 skeletal warriors (D:11)
  An ugly thing (D:11)
  3 centaur zombies
  3 gargoyles (D:11)
  A smoke demon (Abyss:1)
  2 kobold demonologists
  An ancient zyme (Abyss:1)
  A troll (D:13)
  2 hornets
  A hippogriff (D:8)
  2 wraiths
  A wyvern (D:12)
  9 yaks (D:11)
  A water moccasin (D:11)
  A porcupine (Lair:1)
  Duvessa (D:4)
  9 orc warriors
  8 ice beasts
  2 sky beasts
  2 boggarts (D:10)
  2 eyes of draining
  8 centaurs
  A phantom (D:5)
  3 big kobolds (D:11)
  9 bullfrogs
  Dowan (D:4)
  2 scorpions
  2 small abominations (Abyss:1)
  10 killer bees
  3 howler monkeys
  2 crimson imps (D:7)
  A bullfrog zombie (D:13)
  A quasit (D:9)
  7 hounds
  A jelly (D:5)
  13 orc wizards
  8 orc priests
  2 bullfrog skeletons
  A centaur skeleton (D:5)
  Jessica (D:2)
  An iguana (D:11)
  12 worker ants
  A hound skeleton (D:6)
  3 worker ant zombies
  Robin (D:2)
  10 adders
  8 gnolls
  3 shadow imps
  2 white imps
  An adder skeleton (D:6)
  An adder zombie (D:9)
  2 worms
  3 leopard geckos
  58 orcs
  4 bats
  6 giant cockroaches
  7 goblins
  11 hobgoblins
  11 jackals
  2 frilled lizards (D:4)
  7 kobolds
  A leopard gecko skeleton (D:4)
  A quokka skeleton (D:8)
  3 rats
  A plant (D:7)
  A starspawn tentacle (Abyss:1)
304 creatures vanquished.

Vanquished Creatures (collateral kills)
  A boggart (D:10)
  A wolf (D:10)
  A gnoll sergeant (D:10)
  A scorpion (D:10)
  A howler monkey (D:11)
  3 gnolls (D:10)
  A white imp (D:10)
9 creatures vanquished.

Vanquished Creatures (others)
  A manticore (D:12)
  2 centaurs
  An orc priest (D:6)
  A gnoll (D:10)
  11 starspawn tentacles (Abyss:1)
16 creatures vanquished.

Grand Total: 329 creatures vanquished

Notes
Turn   | Place    | Note
-------+----------+-------------------------------------------
     0 | D:1      | VajrapaniSR the Deep Dwarf Fighter began the quest for the Orb.
     0 | D:1      | Reached XP level 1. HP: 20/20 MP: 1/1
   117 | D:1      | Reached XP level 2. HP: 25/27 MP: 2/2
   192 | D:1      | Reached skill level 3 in Axes
   260 | D:2      | Noticed Robin
   267 | D:2      | Killed Robin
   267 | D:2      | Reached XP level 3. HP: 31/34 MP: 3/3
   355 | D:2      | Noticed Jessica
   397 | D:2      | Reached skill level 4 in Axes
   401 | D:2      | Killed Jessica
   401 | D:2      | Reached XP level 4. HP: 23/42 MP: 4/4
   543 | D:4      | Noticed a centaur
   553 | D:4      | Killed a centaur
   553 | D:4      | Reached skill level 5 in Axes
   553 | D:4      | Reached XP level 5. HP: 29/50 MP: 4/4
   598 | D:4      | Noticed Duvessa
   599 | D:4      | Noticed Dowan
   617 | D:4      | Reached XP level 6. HP: 50/57 MP: 5/5
   628 | D:4      | Killed Duvessa
   628 | D:4      | Reached skill level 6 in Axes
   630 | D:4      | Killed Dowan
   708 | D:5      | Entered Level 5 of the Dungeon
   723 | D:5      | Reached XP level 7. HP: 40/66 MP: 6/6
   909 | D:4      | Reached skill level 7 in Axes
  1172 | D:6      | Reached skill level 5 in Fighting
  1254 | D:5      | Found a staircase to the Ecumenical Temple.
  1261 | Temple   | Entered the Ecumenical Temple
  1336 | Temple   | VajrapaniSR: finally
  1336 | Temple   | VajrapaniSR: makhleb
  1336 | Temple   | Became a worshipper of Makhleb the Destroyer
  1337 | Temple   | murphy: :)
  1413 | D:5      | Reached skill level 8 in Axes
  1496 | D:5      | Reached XP level 8. HP: 45/76 MP: 7/7
  1525 | D:5      | Found an ancient bone altar of Kikubaaqudgha.
  1632 | D:7      | Reached skill level 9 in Axes
  1641 | D:6      | VajrapaniSR: holy crap
  1641 | D:6      | VajrapaniSR: pure luck
  1644 | D:6      | murphy: heal and come back
  1650 | D:6      | murphy: u stil have might
  1707 | D:7      | murphy: might is gone
  1707 | D:7      | murphy: :/
  1721 | D:6      | Reached skill level 10 in Axes
  1830 | D:7      | Gained mutation: You passively map the area around you. [Deep Dwarf growth]
  1830 | D:7      | Reached XP level 9. HP: 61/85 MP: 4/4
  1887 | D:8      | Reached * piety under Makhleb
  1919 | D:7      | Found a transporter.
  1958 | D:6      | Reached skill level 11 in Axes
  2004 | D:7      | murphy: go in
  2025 | D:7      | murphy: i see 2 wands
  2033 | D:7      | Noticed a kobold demonologist
  2034 | D:7      | murphy: use acid
  2035 | D:7      | Noticed a rust devil
  2039 | D:7      | VajrapaniSR: do you think disint might be better
  2039 | D:7      | murphy: maybe yes
  2056 | D:7      | VajrapaniSR: perfect summon
  2056 | D:7      | VajrapaniSR: ill just stand here until corrosion wears off
  2068 | D:7      | murphy: use flame wand maybe
  2070 | D:7      | VajrapaniSR: k
  2079 | D:7      | murphy: it could prduce steam
  2087 | D:7      | Noticed an ice devil
  2090 | D:7      | Noticed a smoke demon
  2124 | D:7      | Killed a kobold demonologist
  2134 | D:7      | Found a transporter.
  2144 | D:7      | murphy: jesus
  2147 | D:7      | murphy: thought it would be esier
  2150 | D:7      | VajrapaniSR: i had that one before
  2150 | D:7      | VajrapaniSR: i thought it would have different monsters
  2150 | D:7      | VajrapaniSR: but it's always kobold demonologist apparently
  2150 | D:7      | Reached skill level 5 in Armour
  2205 | D:8      | murphy: how much stuff have u left?
  2208 | D:8      | murphy: hm ok
  2208 | D:8      | murphy: not much
  2452 | D:9      | Noticed a two-headed ogre
  2464 | D:9      | Killed a two-headed ogre
  2464 | D:9      | Reached ** piety under Makhleb
  2464 | D:9      | Reached skill level 12 in Axes
  2527 | D:9      | Reached XP level 10. HP: 87/96 MP: 2/2
  2542 | D:9      | Noticed a two-headed ogre
  2543 | D:9      | Noticed a two-headed ogre
  2554 | D:9      | Killed a two-headed ogre
  2568 | D:9      | Killed a two-headed ogre
  2599 | D:9      | Noticed Erica
  2628 | D:9      | Killed Erica
  2698 | D:8      | Reached skill level 13 in Axes
  2713 | D:9      | Noticed a two-headed ogre
  2730 | D:9      | Killed a two-headed ogre
  2791 | D:10     | Entered Level 10 of the Dungeon
  2884 | D:11     | Noticed a gargoyle
  2917 | D:11     | Killed a gargoyle
  2956 | D:11     | Noticed a gargoyle
  2961 | D:11     | Noticed a green ugly thing
  2961 | D:11     | murphy: train invo now
  2962 | D:11     | Killed a gargoyle
  2963 | D:11     | murphy: so u can use it at ***
  2963 | D:11     | VajrapaniSR: k
  2963 | D:11     | murphy: to make demons
  2984 | D:11     | Killed a green ugly thing
  2984 | D:11     | Reached skill level 1 in Invocations
  2984 | D:11     | Reached XP level 11. HP: 41/106 MP: 1/1
  3005 | D:11     | murphy: theyoh
  3005 | D:11     | murphy: oh
  3005 | D:11     | VajrapaniSR: got 1 mp back
  3005 | D:11     | VajrapaniSR: instantly lost it
  3005 | D:11     | VajrapaniSR: dammit RNG
  3016 | D:11     | murphy: focus invo
  3017 | D:11     | murphy: only invo
  3017 | D:11     | VajrapaniSR: k
  3017 | D:11     | murphy: u need mp
  3043 | D:11     | murphy: if u get invo to 2 u have one mp more
  3105 | D:11     | VajrapaniSR: yay
  3106 | D:11     | murphy: :)
  3201 | D:11     | Noticed a seven-headed hydra
  3201 | D:11     | Noticed a skeletal warrior
  3215 | D:11     | murphy: acid?
  3217 | D:11     | murphy: nah
  3217 | D:11     | VajrapaniSR: k
  3217 | D:11     | murphy: close door
  3226 | D:11     | murphy: ok nvm
  3250 | D:12     | murphy: take the stairs
  3250 | D:12     | murphy: yeah
  3284 | D:12     | Reached skill level 5 in Invocations
  3284 | D:12     | Reached *** piety under Makhleb
  3303 | D:12     | murphy: ok ***
  3306 | D:12     | murphy: no u can create minor demons
  3306 | D:12     | VajrapaniSR: a few of these should kill the hydra
  3306 | D:12     | murphy: those can be very good
  3306 | D:12     | VajrapaniSR: ye
  3316 | D:12     | murphy: yes but no need
  3323 | D:12     | Paralysed by a hornet for 3 turns
  3468 | D:12     | Reached skill level 14 in Axes
  3541 | D:12     | VajrapaniSR: gonna go sleep
  3541 | D:12     | VajrapaniSR: cya
  3541 | D:12     | murphy: gn8
  3566 | D:12     | Noticed a two-headed ogre
  3576 | D:12     | Killed a two-headed ogre
  3608 | D:12     | Noticed Urug
  3632 | D:12     | Killed Urug
  4030 | D:11     | VajrapaniSR: ??lair
  4030 | D:11     | beem: lair[1/2]: Accessed from the main dungeon somewhere between levels 8 and 11. Six levels deep. The lair is full of "natural" critters such as rats, snakes, and yaks. One of Swamp/Shoals and one of Snake/Spider appears there, as well as Slime, and there is a relatively hard vault on Lair:6. The petting zoo of Crawl, if petting zoos had hydras.
  4055 | D:10     | Noticed a death yak
  4087 | D:10     | Killed a death yak
  4276 | D:10     | Reached XP level 12. HP: 95/116 MP: 4/4
  4324 | D:11     | Reached skill level 1 in Dodging
  4378 | D:11     | Reached **** piety under Makhleb
  4418 | D:11     | Killed a seven-headed hydra
  4554 | D:11     | Reached skill level 15 in Axes
  4576 | D:11     | Reached skill level 10 in Fighting
  5019 | D:8      | Found a staircase to the Lair.
  5028 | Lair:1   | Entered Level 1 of the Lair of Beasts
  5054 | Lair:1   | Noticed Sonja
  5061 | Lair:1   | Cast into level 1 of the Abyss (Sonja)
  5094 | Abyss:1  | Noticed a tentacled starspawn
  5220 | Abyss:1  | HP: 5/116 [something] (5)]
  5250 | Abyss:1  | Noticed a tentacled starspawn
  5250 | Abyss:1  | Noticed a tentacled starspawn
  5261 | Abyss:1  | Demolished by a tentacled starspawn

Skill      XL: |  1  2  3  4  5  6  7  8  9 10 11 12 |
---------------+-------------------------------------+-----
Axes           | 3 4 5 6 8 10 12 13 14 15 | 15.3
Fighting       | 3 4 5 6 7 9 10 | 10.1
Armour         | 5 7 8 |  8.7
Invocations    | 1 8 9 |  9.5
Dodging        | 3 |  3.2
Shields        | |  3.6

Action                   |  1- 3 |  4- 6 |  7- 9 | 10-12 || total
-------------------------+-------+-------+-------+-------++-------
Melee: War axe           |   122 |    76 |    44 |       ||   242
       Broad axe         |       |       |   345 |   594 ||   939
       Morningstar       |       |       |       |     5 ||     5
Invok: Lesser Servant of |       |       |       |     8 ||     8
 Abil: Heal Wounds       |       |     2 |    22 |    22 ||    46
Evoke: Wand              |       |       |    16 |    19 ||    35
  Use: Scroll            |       |       |     7 |    15 ||    22
       Potion            |       |       |     4 |     4 ||     8
  Eat: Chunk             |       |       |     7 |     9 ||    16
       Royal jelly       |       |       |       |     1 ||     1
Armor: Scale mail        |    19 |       |       |       ||    19
       Chain mail        |    38 |    66 |   211 |    81 ||   396
       Plate armour      |       |       |       |   238 ||   238
       Skin              |       |       |       |     9 ||     9
Dodge: Dodged            |    33 |    25 |    97 |   118 ||   273
Block: Shield            |    72 |    78 |   356 |   475 ||   981
       Reflection        |     2 |     1 |    12 |    21 ||    36
